 Dungeon Crawl Stone Soup version 0.29-a0-43-g62a80824bf (webtiles) character file.

Game seed: 11043623624955950382

118 Anon1729 the Skirmisher (level 4, -2/37 HPs)
             Began as a Mummy Fighter on Feb 2, 2022.
             Slain by Grinder (3 damage)
             ... while paralysed by Grinder
             ... on level 3 of the Dungeon.
             The game lasted 00:01:58 (2405 turns).

Anon1729 the Skirmisher (Mummy Fighter)             Turns: 2405, Time: 00:01:58

Health: -2/37      AC:  7    Str: 19    XL:     4   Next: 72%
Magic:  4/4        EV:  2    Int:  7    God:
Gold:   66         SH:  0    Dex: 13    Spells: 3/3 levels left

rFire   x . .      SeeInvis .   a - +0 rapier
rCold   + . .      Faith    .   c - +0 buckler
rNeg    + + +      Spirit   .   b - +0 scale mail
rPois   ∞          Reflect  .   (no helmet)
rElec   .          Harm     .   (no cloak)
rCorr   .          Rampage  .   h - +0 pair of gloves
Will    .....                   (no boots)
Stlth   ..........              (no amulet)
HPRegen 0.12/turn               (no ring)
MPRegen 0.09/turn               (no ring)

@: paralysed
A: cold resistance 1, negative energy resistance 3, torment resistance 2, heat
vulnerability 1, no potions
a: no special abilities


You were on level 3 of the Dungeon.
You visited 1 branch of the dungeon, and saw 4 of its levels.

You collected 88 gold pieces.
You spent 22 gold pieces at shops.

Inventory:

Hand Weapons
 a - a +0 rapier (weapon)
 i - a +0 dagger
Armour
 b - a +0 scale mail (worn)
 c - a +0 buckler (worn)
 g - a +0 plate armour
 h - a +0 pair of gloves (worn)
Wands
 d - a wand of flame (14)
Scrolls
 e - a scroll of enchant armour {unknown}
 f - 2 scrolls of teleportation {unknown}


   Skills:
 + Level 3.7 Fighting
 + Level 2.4 Short Blades
 - Level 2.6 Armour
 + Level 1.2 Dodging
 + Level 1.4 Stealth
 - Level 2.6 Shields


You had 3 spell levels left.
You didn't know any spells.
Your spell library contained the following spells:

 Spells                   Type           Power      Damage    Failure   Level
 Slow                     Hex            0%         N/A       88%         1
 Confusing Touch          Hex            0%         N/A       99%         3
 Vampiric Draining        Necr           0%         2d6       99%         3


Dungeon Overview and Level Annotations

Branches:
Dungeon (4/15)
 Temple: D:4-7

Altars:

Shops:
D:2 *

Annotations:
D:3 Grinder


Innate Abilities, Weirdness & Mutations

You are immune to poison.
Your flesh is cold resistant. (rC+)
You are immune to negative energy. (rN+++)
You are immune to unholy pain and torment.
You are vulnerable to heat. (rF-)
You do not drink.


Message History

Grinder barely misses you.
You hit Grinder but do no damage.
Grinder is lightly wounded.
Grinder barely misses you.
You hit Grinder.
Grinder is moderately wounded.
Grinder barely misses you.
Aiming: Throw Flame
Press: ? - help, Shift-Dir - straight line, f - Grinder
Aim: Grinder (moderately wounded, 64% to hit)
The puff of flame misses Grinder.
You block Grinder's attack.
Aiming: Throw Flame
Press: ? - help, Shift-Dir - straight line, f/p - Grinder
Aim: Grinder (moderately wounded, 64% to hit)
The puff of flame hits Grinder but does no damage.
Grinder is moderately wounded.
Grinder gestures at you. You resist with significant effort.
You hit Grinder.
Grinder is moderately wounded.
Grinder hits you.
You hit Grinder but do no damage.
Grinder is moderately wounded.
Grinder says, "I used to sell toenails on the black market."
Grinder hits you.
You closely miss Grinder.
Grinder is moderately wounded.
Grinder barely misses you. Grinder hits you.
You hit Grinder.
Grinder is moderately wounded.
Grinder gestures at you.
You suddenly lose the ability to move!
Grinder hits you. Grinder hits you!
* * * LOW HITPOINT WARNING * * *
Grinder hits you.
* * * LOW HITPOINT WARNING * * *
Grinder grins, showing sharp teeth.
Grinder hits you.
You die...

#.# #....###..#.# ###.#
.#.########.....##..#.#
.....
....................#.#
###.#
###.###.###............
#.# .....#.###........<...
#.# #<#.#.#...........†..
###'##
...#.#.......###..##
#....# #.#5#.#.......#
#..## .....#
#...@......#.## #...#
#....######.#####.######.#
#.#.# #.................#
#.#.# #.#.........#######
#...# #.#.######### ##..#
#.#.# #... #.#.# #..#
#.#.# #..# #.# #######..


You could see Grinder.

Vanquished Creatures
  A killer bee zombie (D:3)
  3 adders
  A white imp (D:3)
  2 worms
  3 dart slugs
  6 ball pythons
  7 endoplasms
  A giant cockroach (D:1)
  3 goblins
  3 hobgoblins
  3 quokkas
  4 bats
  2 frilled lizards (D:1)
  9 kobolds
  3 rats
51 creatures vanquished.

Notes
Turn   | Place    | Note
-------+----------+-------------------------------------------
     0 | D:1      | Anon1729 the Mummy Fighter began the quest for the Orb.
     0 | D:1      | Reached XP level 1. HP: 18/18 MP: 1/1
   227 | D:1      | Reached XP level 2. HP: 24/24 MP: 2/2
  1098 | D:1      | Reached XP level 3. HP: 29/29 MP: 3/3
  1219 | D:2      | Found a faded altar of an unknown god.
  1224 | D:2      | Found the +3 pair of seven-league boots {Rampage+∞}
  1612 | D:2      | Reached skill level 1 in Stealth
  1700 | D:2      | Found Miuqus's General Store.
  1732 | D:2      | Bought a scroll of identify for 22 gold pieces
  1825 | D:2      | Reached XP level 4. HP: 35/35 MP: 4/4
  1843 | D:2      | You fall into a shaft and drop 2 floors!
  1868 | D:3      | Reached skill level 1 in Dodging
  2390 | D:3      | Noticed Grinder
  2401 | D:3      | Paralysed by Grinder for 5 turns
  2404 | D:3      | HP: 1/37 [Grinder (6)]
  2405 | D:3      | Slain by Grinder

Illustrated notes

Levels and vault maps discovered:
D:1:      heliophobic_arrival_enchanted_forest, layout_loops_corners,
          nrook_mini_vaults
D:2:      minmay_door_path, layout_basic, nicolae_ecumenical_oubliette,
          serial_shops, shop, grunt_ministairs_4
D:3:      layout_basic, uniq_grinder
D:4:      layout_basic, mainiacjoe_overflow_surrounded_room, st_stairs_12,
          uniq_sigmund

Skill      XL: |  1  2  3  4 |
---------------+-------------+-----
Short Blades   | 2 |  2.4
Stealth        | 1 |  1.4
Dodging        | 1 |  1.2
Fighting       | |  3.7
Armour         | |  2.6
Shields        | |  2.6

Action                   |  1- 3 |  4- 6 || total
-------------------------+-------+-------++-------
Melee: Rapier            |   122 |    51 ||   173
Evoke: Wand              |       |     2 ||     2
  Use: Scroll            |     1 |       ||     1
Armor: Scale mail        |    56 |    16 ||    72
Dodge: Dodged            |    56 |    19 ||    75
Block: Buckler           |    23 |     9 ||    32

Table legend: (Time is in decaauts)
 A = Elapsed time spent in this place.
 B = Non-inter-level travel time spent in this place.
 C = Inter-level travel time spent in this place.
 D = Time resting spent in this place.
 E = Time spent auto-exploring this place.
 F = Levels seen in this place.
 G = Mean time per level.
                   A        B        C        D        E       F      G
               +--------+--------+--------+--------+--------+-----+--------+
         Total |   2428 |   2409 |     19 |    185 |   1815 |   4 |  607.0 |
       Dungeon |   2428 |   2409 |     19 |    185 |   1815 |   4 |  607.0 |
               +--------+--------+--------+--------+--------+-----+--------+

Top non-repeatable levels by time:
     D:1: 1126 daAuts
     D:2: 734 daAuts
     D:3: 551 daAuts
     D:4: 15 daAuts
